Map: [ESL] Curious Minds

Players

Zoun - Winner!

  • Race: Protoss Protoss

ByuN

  • Race: Terran Terran

Event: IEM Katowice 2022

VOD

Have the link to the VOD?

Description

Time

  • Played on: Feb. 25, 2022, 12:58 p.m.
  • Length: 3:32

All games in this series

Show
View Real Time Build Order
Export as new Build Order

Zoun Protoss - Winner!

Build Orders:  

Get SALT Encoding   

  12  0:00  Probe  
  13  0:12  Probe  
  14  0:17  Pylon  
  14  0:24  Probe (Chrono Boost)  
  15  0:36  Probe (Chrono Boost)  
  15  0:38  Gateway  
  16  0:45  Probe (Chrono Boost)  
  16  0:47  Assimilator  
  17  0:51  Probe  
  18  0:58  Pylon  
  18  1:03  Probe  
  19  1:15  Probe  
  19  1:16  Gateway  
  20  1:29  Cybernetics Core  
  20  1:51  Nexus  
  20  2:03  Stalker (Chrono Boost)  
  20  2:05  Adept (Chrono Boost)  
  24  2:09  Probe  
  25  2:25  Adept  
  25  2:26  Adept  
  29  2:31  Pylon  
  29  2:51  Probe  
  30  3:03  Assimilator, Probe  
  33  3:10  Twilight Council, Probe  
  32  3:16  Probe  
Show
View Real Time Build Order
Export as new Build Order

ByuN Terran 

Build Orders:  

Get SALT Encoding   

  12  0:00  SCV  
  13  0:12  SCV  
  14  0:16  Supply Depot  
  14  0:24  SCV  
  15  0:38  SCV, Barracks  
  15  0:42  Refinery  
  16  0:50  SCV  
  16  0:54  Refinery  
  17  1:02  SCV  
  18  1:14  SCV  
  19  1:25  Marine  
  19  1:26  Orbital Command  
  19  1:31  Factory  
  20  1:44  Barracks Reactor  
  20  1:46  Supply Depot  
  20  1:52  SCV  
  21  2:04  SCV  
  22  2:16  SCV  
  23  2:23  Hellion x2  
  23  2:29  Command Center  
  27  2:35  Supply Depot  
  27  2:37  SCV  
  28  2:44  Hellion  
  28  2:49  Hellion  
  30  2:52  SCV  
  29  3:04  SCV  
  26  3:05  Command Center  
  26  3:11  Widow Mine  
  28  3:16  SCV  

Tags
 
Add a new tag
Caveats
  • Supply blocks, unpowered buildings, or Contaminate may cause inaccurate times.
  • Supply counts are checked every 10 seconds.